 Dungeon Crawl Stone Soup version 0.30-a0-1018-g25214051b3 (webtiles) character file.

Game seed: 4587357723978898892

7113 voltaire321 the Destroyer (level 10, -12/90 HPs)
             Began as a Pale Draconian Conjurer on Apr 8, 2023.
             Was a Believer of Vehumet.
             Mangled by a two-headed ogre
             ... wielding a +0 giant spiked club
              (28 damage)
             ... on level 9 of the Dungeon.
             The game lasted 00:35:40 (10209 turns).

voltaire321 the Destroyer (DrCj)                   Turns: 10209, Time: 00:35:40

Health: -12/90     AC: 12    Str:  9    XL:     10   Next: 85%
Magic:  21/21      EV: 16    Int: 23    God:    Vehumet [**....]
Gold:   538        SH: 10    Dex: 22    Spells: 15/24 levels left

rFire   . . .      SeeInvis .    I - +2 war axe (vamp)
rCold   . . .      Faith    .    F - +0 kite shield
rNeg    . . .      Spirit   .    (body armour unavailable)
rPois   .          Reflect  .    H - +2 hat {Will+}
rElec   .          Rampage  .    (no cloak)
rCorr   .                        z - +0 pair of gloves
Will    +....                    e - +1 pair of boots
Stlth   ++                       b - amulet of regeneration
HPRegen 1.15/turn                g - +6 ring of dexterity
MPRegen 0.17/turn                x - +6 ring of dexterity

@: studying Axes
A: breathe steam, AC +7, unfitting armour, cold-blooded, steam resistance
a: Breathe Steam, Renounce Religion


You were on level 9 of the Dungeon.
You worshipped Vehumet.
Vehumet was pleased with you.
You visited 2 branches of the dungeon, and saw 10 of its levels.

You collected 538 gold pieces.

Inventory:

Hand Weapons
 u - a +1 dagger of draining
 y - a +2 whip of electrocution
 I - a +2 vampiric war axe (weapon)
Missiles
 r - a curare-tipped dart
 w - 3 throwing nets
Armour
 e - a +1 pair of boots (worn)
 z - a +0 pair of gloves (worn)
 F - a +0 kite shield (worn)
 H - a +2 hat of willpower (worn)
Jewellery
 b - an amulet of regeneration (around neck)
 g - a +6 ring of dexterity (left hand)
 v - a ring of see invisible
 x - a +6 ring of dexterity (right hand)
 G - a +6 ring of strength
Wands
 c - a wand of paralysis (10)
 A - a wand of roots (8)
 C - a wand of flame (45)
Scrolls
 a - 2 scrolls of vulnerability
 f - a scroll of amnesia
 h - a scroll of fear
 E - 2 scrolls of identify
Potions
 d - 3 potions of mutation
 i - 7 potions of brilliance
 j - a potion of haste
 k - 2 potions of heal wounds {unknown}
 m - a potion of ambrosia {unknown}
 n - 4 potions of lignification
 o - 4 potions of curing
 p - 2 potions of invisibility {unknown}
 q - 4 potions of might
 s - 2 potions of flight {unknown}
 t - 2 potions of degeneration {unknown}
 B - a potion of magic


   Skills:
 + Level 8.5 Fighting
 * Level 2.1 Axes
 + Level 7.3 Dodging
 - Level 1.7 Stealth
 + Level 2.9 Shields
 + Level 7.5 Spellcasting
 + Level 8.9 Conjurations
 + Level 5.0 Fire Magic


You had 15 spell levels left.
You knew the following spells:

 Your Spells              Type           Power      Damage    Failure   Level
a - Magic Dart            Conj           100%       1d8       1%          1
b - Searing Ray           Conj           98%        2d8       1%          2
c - Starburst             Conj/Fire      20%        6d7       89%         6

Your spell library contained the following spells:

 Spells                   Type           Power      Damage    Failure   Level
 Shock                    Conj/Air       100%       1d9       3%          1
 Dazzling Flash           Conj/Hex       58%        N/A       11%         3
 Beastly Appendage        Tmut           16%        N/A       22%         1
 Sting                    Tmut/Pois      32%        1d4       22%         1
 Summon Small Mammal      Summ           32%        N/A       22%         1
 Volatile Blastmotes      Fire/Tloc      40%        2d13      24%         3
 Poisonous Vapours        Pois/Air       16%        N/A       34%         2
 Wereblood                Tmut           8%         N/A       34%         2
 Fulminant Prism          Conj/Hex       14%        3d8       34%         4
 Iskenderun's Mystic Bla  Conj/Tloc      29%        2d7       34%         4
 Call Canine Familiar     Summ           8%         N/A       56%         3
 Spider Form              Tmut/Pois      8%         N/A       56%         3
 Summon Guardian Golem    Hex/Summ       8%         N/A       56%         3
 Olgreb's Toxic Radiance  Pois           8%         N/A       92%         4


Dungeon Overview and Level Annotations

Branches:
Dungeon (9/15)             Temple (1/1) D:5
   Lair: D:8-11         Orc: D:9-12

Altars:
Ashenzari
Cheibriados
Dithmenos
Elyvilon
Fedhas
Gozag
Hepliaklqana
Kikubaaqudgha
Makhleb
Nemelex Xobeh
Okawaru
Qazlal
Ru
Sif Muna
Trog
Uskayaw
Vehumet
Wu Jian
Xom
Yredelemnul
Zin
The Shining One

Shops:
D:8 *   D:9 [

Annotations:
D:4 AstroCodex24's ghost, amateur DgFi


Innate Abilities, Weirdness & Mutations

You can breathe blasts of scalding, opaque steam.
Your pale cyan-grey scales are hard. (AC +7)
You cannot fit into any form of body armour.
You are cold-blooded and may be slowed by cold attacks.
You are immune to the effects of steam.


Message History

a +0 trident; a +0 scale mail The bullfrog gives a loud, deep croak!
The bullfrog misses you.
The killer bee buzzes angrily.
You slash the bullfrog!
The bullfrog is heavily wounded.
You block the bullfrog's attack. The bullfrog closely misses you.
The bullfrog misses you.
You slash the bullfrog!
You feel better.
The bullfrog is almost dead.
The bullfrog snags a nearby small bird with its tongue.
You block the bullfrog's attack. x2
You barely miss the bullfrog. You tail-slap the bullfrog.
The bullfrog is almost dead.
The bullfrog misses you.
The bullfrog hits you but does no damage.
You slash the two-headed ogre!
You feel better.
The two-headed ogre is severely wounded.
You hit the bullfrog.
You kill the bullfrog!
Vehumet accepts your kill.
The two-headed ogre hits you with a +0 giant spiked club!
The two-headed ogre closely misses you.
You hit the two-headed ogre.
You feel better.
The two-headed ogre is almost dead.
A wight comes into view. It is wielding a +0 spear.
The two-headed ogre barely misses you. You block the two-headed ogre's attack.
The two-headed ogre hits you with a +0 giant spiked club!!
* * * LOW HITPOINT WARNING * * *
The two-headed ogre completely misses you.
You barely miss the two-headed ogre. You tail-slap the two-headed ogre.
The two-headed ogre is almost dead.
The two-headed ogre barely misses you.
The two-headed ogre hits you with a +0 giant spiked club.
* * * LOW HITPOINT WARNING * * *
You hit the two-headed ogre but do no damage.
The two-headed ogre is almost dead.
The two-headed ogre barely misses you.
The two-headed ogre hits you with a +0 giant spiked club!!
You die...

.####### #.....#,,..,*,,,,,*,,,*#
.......# #.....#.....#.....#,,,*#
.......# #..#..#..#..#?.#..#,,,*#
.......# #..#..#..#..#(.#..###+*#
.......# #..#.....#.....#......*#
.......# #.†#.....#Tz...#.....,*#
...##### #..#####################
...# #...)................)).
...# #..)..O@†..............^
...# #..#####################
...# #..#...y.#....O#,,,,,,*#
...### #..#.....#.....#,,,,,,*#
.....# #.)#..#..#..#..#,,***+*#
####.## #.O#..#..#..#yD#,,*,,,*#
# #..# #..)..#.....#.y..,*,8,*# #
##.####.....#.....#...y.*,,,*#
#####..[.########################


You could see a two-headed ogre, a killer bee and a wight.

Vanquished Creatures
  Gastronok (D:8)
  A two-headed ogre (D:6)
  Joseph (D:7)
  2 hornets
  2 yaks (D:9)
  A steam dragon (D:9)
  3 wyverns
  A basilisk (D:9)
  An acid dragon (D:9)
  A water moccasin (D:5)
  3 sky beasts
  An orc warrior (D:9)
  An ice beast (D:7)
  5 black bears
  An ogre (D:5)
  4 centaurs
  A phantom (D:5)
  2 kobold brigands
  4 bullfrogs
  3 gnoll sergeants
  2 scorpions
  A wight (D:9)
  2 electric eels (D:6)
  2 howler monkeys
  A centaur zombie (D:5)
  A bullfrog zombie (D:5)
  A gnoll bouda (D:4)
  2 orc priests
  2 hounds (D:5)
  3 jellies
  3 sleepcaps
  2 scorpion zombies (D:5)
  7 iguanas
  7 orc wizards
  A hound zombie (D:5)
  Robin (D:2)
  A howler monkey skeleton (D:5)
  7 adders
  17 gnolls
  A shadow imp (D:8)
  2 white imps (D:8)
  An ufetubus (D:7)
  An adder skeleton (D:5)
  3 worms
  3 dart slugs
  21 orcs
  8 ball pythons
  10 endoplasms
  4 giant cockroaches
  9 goblins
  14 hobgoblins
  7 jackals
  18 kobolds
  5 quokkas
  9 bats
  4 frilled lizards
  11 rats
233 creatures vanquished.

Vanquished Creatures (others)
  6 demonic plants (D:2)
  A fungus (D:1)
  32 plants
  2 withered plants (D:5)
41 creatures vanquished.

Grand Total: 274 creatures vanquished

Notes
Turn   | Place    | Note
-------+----------+-------------------------------------------
     0 | D:1      | voltaire321 the Draconian Conjurer began the quest for the
                  | Orb.
     0 | D:1      | Reached XP level 1. HP: 14/14 MP: 3/3
   235 | D:1      | Reached XP level 2. HP: 15/22 MP: 0/5
   316 | D:1      | Reached skill level 1 in Fighting
   993 | D:2      | Noticed Robin
  1009 | D:2      | Found a faded altar of an unknown god.
  1017 | D:2      | Reached XP level 3. HP: 18/28 MP: 1/6
  1078 | D:2      | Learned a level 2 spell: Searing Ray
  1318 | D:2      | Killed Robin
  1557 | D:2      | Reached XP level 4. HP: 34/36 MP: 1/7
  1855 | D:2      | Found a bloodstained altar of Trog.
  2674 | D:3      | Found a glowing golden altar of the Shining One.
  3382 | D:4      | Reached XP level 5. HP: 42/42 MP: 1/9
  3735 | D:4      | Reached skill level 5 in Conjurations
  3974 | D:4      | Found a transporter.
  3975 | D:4      | Found a transporter.
  3986 | D:4      | Reached XP level 6. HP: 51/51 MP: 5/10
  4753 | D:4      | Noticed AstroCodex24's ghost (amateur DgFi)
  4988 | D:4      | Your scales start taking on a pale cyan-grey colour.
  4988 | D:4      | Reached XP level 7. HP: 48/58 MP: 12/12
  4988 | D:4      | Gained mutation: You are immune to the effects of steam.
                  | [Pale Draconian growth]
  5098 | D:5      | Entered Level 5 of the Dungeon
  5615 | D:5      | Reached XP level 8. HP: 67/67 MP: 8/14
  5751 | D:5      | Reached skill level 5 in Fighting
  5945 | D:5      | Found a staircase to the Ecumenical Temple.
  5954 | Temple   | Entered the Ecumenical Temple
  6242 | Temple   | Became a worshipper of Vehumet
  6688 | D:6      | Noticed a two-headed ogre
  6696 | D:6      | Reached skill level 5 in Spellcasting
  6699 | D:6      | Killed a two-headed ogre
  6700 | D:6      | Reached skill level 5 in Dodging
  6737 | D:6      | Reached XP level 9. HP: 72/78 MP: 6/17
  6970 | D:6      | Learned a level 6 spell: Starburst
  7127 | D:6      | Reached skill level 1 in Fire Magic
  7655 | D:7      | Noticed Joseph
  7764 | D:7      | Reached * piety under Vehumet
  7764 | D:7      | Offered knowledge of Sandblast by Vehumet.
  8088 | D:7      | Killed Joseph
  8520 | D:8      | Reached XP level 10. HP: 82/86 MP: 15/20
  8573 | D:8      | Found Hyin's General Store.
  8714 | D:8      | Found a hide-covered altar of Uskayaw.
  9089 | D:8      | Noticed Gastronok
  9128 | D:8      | HP: 3/88 [Gastronok/the air (26)]
  9285 | D:8      | Killed Gastronok
  9286 | D:8      | Reached skill level 1 in Shields
  9717 | D:9      | Found Eneh's Armour Shoppe.
 10029 | D:9      | Noticed a two-headed ogre
 10144 | D:9      | Reached skill level 1 in Axes
 10152 | D:9      | Reached ** piety under Vehumet
 10152 | D:9      | Offered knowledge of Shock by Vehumet.
 10153 | D:9      | Reached skill level 5 in Fire Magic
 10209 | D:9      | Mangled by a two-headed ogre

Illustrated notes

Levels and vault maps discovered:
D:1:      tarquinn_simple_flora_water_f, layout_loops_ring, minmay_octomino_e4
D:2:      minmay_inner_zag, layout_loops_ring, shapermc_ecumenical_altar_gd,
          basic_altar, uniq_robin
D:3:      layout_basic, overflow_temple_1_default, lexackson_kobold_supper
D:4:      layout_loops_ring, gammafunk_ghost_gnarly_gnolls, grunt_ministairs_3
D:5:      layout_rooms, minmay_temple_entry_glass, serial_undead,
          serial_undead_f, serial_undead_d, serial_undead_d, serial_undead_b,
          serial_undead_e, serial_undead_e, st_stairs_9,
          kennysheep_generic_room_13
D:6:      layout_loops_ring, chequers_serial_rivers_large_a, serial_bayou_lake_a
D:7:      layout_cave_pools, uniq_joseph
D:8:      kennysheep_ambush_hall, layout_rooms, mainiacjoe_overflow_chevrons,
          serial_shops, shop, uniq_gastronok
D:9:      kennysheep_windowed_halls, layout_basic, serial_shops,
          nicolae_shop_waterfront
Temple:   mainiacjoe_temple_cubbyholes

Skill      XL: |  1  2  3  4  5  6  7  8  9 10 |
---------------+-------------------------------+-----
Dodging        | 2 3 4 5 6 7 |  7.3
Fighting       | 1 2 3 4 6 7 8 |  8.5
Spellcasting   | 3 4 5 6 7 |  7.5
Conjurations   | 5 6 7 8 |  8.9
Fire Magic     | 3 5 |  5.0
Shields        | 2 |  2.9
Axes           | 2 |  2.1
Stealth        | |  1.7

Action                     |  1- 3 |  4- 6 |  7- 9 | 10-12 || total
---------------------------+-------+-------+-------+-------++-------
  Melee: Unarmed           |    51 |       |       |       ||    51
         Tailslap          |     9 |     7 |    37 |    30 ||    83
         Punch             |     1 |     1 |     2 |     1 ||     5
         Dagger            |    35 |    65 |       |       ||   100
         Whip              |       |       |   248 |    72 ||   320
         War axe           |       |       |       |    48 ||    48
   Cast: Magic Dart        |    71 |    88 |    68 |    21 ||   248
         Searing Ray       |     3 |    15 |    23 |    14 ||    55
Ability: Breathe Steam     |       |       |       |     3 ||     3
    Use: Scroll            |     2 |     1 |    11 |     5 ||    19
         Potion            |     1 |       |       |     1 ||     2
   Stab: Sleeping          |       |       |     2 |     1 ||     3
 Armour: Skin              |    31 |    30 |   118 |    51 ||   230
  Dodge: Dodged            |    65 |    75 |   264 |   181 ||   585
  Block: Kite shield       |       |       |       |    92 ||    92

Table legend: (Time is in decaauts)
 A = Elapsed time spent in this place.
 B = Non-inter-level travel time spent in this place.
 C = Inter-level travel time spent in this place.
 D = Time resting spent in this place.
 E = Time spent auto-exploring this place.
 F = Levels seen in this place.
 G = Mean time per level.
                   A        B        C        D        E       F      G
               +--------+--------+--------+--------+--------+-----+--------+
         Total |  10321 |   9885 |    436 |   1637 |   5363 |  10 | 1032.1 |
       Dungeon |   9921 |   9540 |    381 |   1637 |   5095 |   9 | 1102.3 |
        Temple |    400 |    345 |     55 |      0 |    268 |   1 |  400.0 |
               +--------+--------+--------+--------+--------+-----+--------+

Top non-repeatable levels by time:
     D:4: 1755 daAuts
     D:2: 1378 daAuts
     D:6: 1177 daAuts
     D:8: 1038 daAuts
     D:3: 1002 daAuts
     D:1: 992 daAuts
     D:5: 908 daAuts
     D:9: 885 daAuts
     D:7: 782 daAuts
  Temple: 400 daAuts
